 Dungeon Crawl Stone Soup version 0.23.2-40-g277498a001 (webtiles) character file.

Game seed: 2336728539765874837

1477 Frank2 the Chopper (level 8, -4/66 HPs)
             Began as a Demigod Gladiator on Aug 31, 2019.
             Slain by a mummy (7 damage)
             ... in an ossuary.
             The game lasted 00:06:16 (4800 turns).

Frank2 the Chopper (Demigod Gladiator)              Turns: 4800, Time: 00:06:16

Health: -4/66      AC:  8    Str: 19    XL:     8   Next: 25%
Magic:  13/13      EV: 14    Int: 12    God:
Gold:   247        SH:  0    Dex: 19    Spells: 7/7 levels left

rFire    . . .     SeeInvis .   a - +0 war axe
rCold    + . .     Gourm    .   (no shield)
rNeg     . . .     Faith    .   l - +0 ring mail
rPois    .         Spirit   .   c - +0 helmet
rElec    .         Reflect  .   u - +0 cloak
rCorr    .         Harm     .   (no gloves)
MR       .....                  (no boots)
Stlth    +.........             (no amulet)
HPRegen  0.21/turn              h - +3 ring of slaying
MPRegen  0.13/turn              g - ring of protection from cold

@: no status effects
A: high mp 1
a: no special abilities


You were in an ossuary.
You were hungry.

You visited 1 branch of the dungeon, and saw 7 of its levels.
You also visited: Ossuary.

You collected 247 gold pieces.

Inventory:

Hand Weapons
 a - a +0 war axe (weapon)
Missiles
 d - 2 throwing nets (quivered)
Armour
 c - a +0 helmet (worn)
 l - a +0 ring mail (worn)
 u - a +0 cloak (worn)
Jewellery
 g - a ring of protection from cold (right hand)
 h - a +3 ring of slaying (left hand)
Wands
 e - a wand of flame (17)
 k - a wand of digging (5)
 v - a wand of iceblast (8)
Scrolls
 b - 2 scrolls of teleportation
 i - a scroll of fog
 q - a scroll of amnesia
 t - a scroll of blinking {unknown}
 w - a scroll of identify
 x - 3 scrolls of remove curse {unknown}
Potions
 j - a potion of curing
 m - a potion of heal wounds
 n - a potion of lignification
 o - a potion of degeneration {unknown}
 p - 2 potions of might
 r - a potion of cancellation {unknown}
 s - 2 potions of invisibility {unknown}
Comestibles
 f - 5 rations


   Skills:
 + Level 4.1 Fighting
 + Level 6.7 Axes
 - Level 1.7 Throwing
 + Level 3.8 Armour
 + Level 4.2 Dodging
 * Level 3.4 Evocations


You had 7 spell levels left.
You didn't know any spells.
Your spell library was empty.

Dungeon Overview and Level Annotations

Branches:
Dungeon (8/15)
 Temple: D:4-7         Lair: D:8-11

Annotations:
D:3 2 runed translucent doors, Delarado's ghost, amateur OpFi


Innate Abilities, Weirdness & Mutations

You have an increased reservoir of magic. (+10% MP)


Message History

You slash the mummy! You slash the mummy!
You destroy the mummy!
A mummy comes into view.
There is an open door, spattered with blood here.
You start resting.
A leopard gecko zombie comes into view.
You hear a splashing noise.
You hear a splashing noise.
You slash the leopard gecko zombie!
You destroy the leopard gecko zombie!
There is an open door, spattered with blood here.
You hit the mummy.
The mummy is lightly damaged.
The mummy hits you!
* * * LOW HITPOINT WARNING * * *
You hit the mummy.
The mummy is moderately damaged.
The mummy hits you!
You die...

#.' '.#
#.' #.#
'.+
#####.###
#∩..#M'.#
#.∩.@.#
#...#.+
#####.#
..' #+##


You could see a mummy.

Vanquished Creatures
  Sigmund (D:2)
  A hungry ghost (D:8)
  An ice beast (D:5)
  An ogre (D:4)
  A phantom (D:7)
  A wyvern zombie (Ossuary)
  3 bullfrogs
  A water moccasin zombie (Ossuary)
  A howler monkey (D:4)
  A crimson imp (D:8)
  A jelly (D:7)
  A bullfrog zombie (Ossuary)
  Crazy Yiuf (D:4)
  An orc priest (D:8)
  2 hounds
  Terence (D:3)
  An iguana (D:8)
  An orc wizard (D:3)
  3 worker ants
  2 hound skeletons
  4 mummies (Ossuary)
  A howler monkey zombie (D:7)
  7 adders
  2 worms
  A dart slug (D:1)
  2 leopard geckos
  9 orcs
  7 giant cockroaches
  4 hobgoblins
  4 jackals (D:5)
  4 kobolds
  2 quokkas
  3 bats (D:1)
  4 frilled lizards
  6 goblins
  A leopard gecko skeleton (D:7)
  2 leopard gecko zombies (Ossuary)
  2 rats (D:1)
91 creatures vanquished.

Vanquished Creatures (others)
  3 withered plants (Ossuary)
3 creatures vanquished.

Grand Total: 94 creatures vanquished

Notes
Turn   | Place    | Note
-------+----------+-------------------------------------------
     0 | D:1      | Frank2 the Demigod Gladiator began the quest for the Orb.
     0 | D:1      | Reached XP level 1. HP: 17/17 MP: 3/3
     3 | D:1      | Noticed an electric eel
     3 | D:1      | Noticed an electric eel
   202 | D:1      | Reached skill level 3 in Axes
   202 | D:1      | Reached XP level 2. HP: 20/24 MP: 4/4
   494 | D:1      | You fall through a shaft!
   752 | D:2      | Noticed a bullfrog
   762 | D:2      | Killed a bullfrog
   762 | D:2      | Reached XP level 3. HP: 9/30 MP: 5/5
  1031 | D:2      | Noticed Sigmund
  1041 | D:2      | HP: 1/30 [Sigmund/magic dart (9)]
  1047 | D:2      | Killed Sigmund
  1047 | D:2      | Reached skill level 4 in Axes
  1047 | D:2      | Reached skill level 1 in Armour
  1047 | D:2      | Reached XP level 4. HP: 11/37 MP: 6/6
  1047 | D:2      | Reached XP level 5. HP: 13/44 MP: 7/7
  1858 | D:3      | Noticed Terence
  1866 | D:3      | Killed Terence
  1914 | D:3      | Found a sacrificial altar of Ru.
  2333 | D:3      | Reached XP level 6. HP: 46/51 MP: 8/8
  2499 | D:3      | Found a runed translucent door.
  2504 | D:3      | Noticed Delarado's ghost (amateur OpFi)
  2862 | D:3      | Found a runed translucent door.
  3208 | D:3      | Found a blossoming altar of Fedhas.
  3284 | D:4      | Reached skill level 5 in Axes
  3284 | D:4      | Reached skill level 1 in Evocations
  3595 | D:4      | Found a runed translucent door.
  3596 | D:4      | Noticed Crazy Yiuf
  3945 | D:4      | Paralysed by Crazy Yiuf for 5 turns
  3951 | D:4      | Killed Crazy Yiuf
  4204 | D:5      | Entered Level 5 of the Dungeon
  4217 | D:5      | Reached XP level 7. HP: 46/57 MP: 11/11
  4272 | D:5      | You fall through a shaft for 3 floors!
  4289 | D:8      | Noticed a hungry ghost
  4311 | D:8      | Killed a hungry ghost
  4328 | D:8      | Reached skill level 6 in Axes
  4440 | D:8      | Noticed a wyvern
  4591 | D:7      | Reached XP level 8. HP: 55/66 MP: 13/13
  4653 | D:7      | Found a sand-covered staircase.
  4670 | Ossuary  | Entered an ossuary
  4799 | Ossuary  | HP: 3/66 [mummy (13)]
  4800 | Ossuary  | Slain by a mummy

Skill      XL: |  1  2  3  4  5  6  7  8 |
---------------+-------------------------+-----
Fighting       | 2 3 4 |  4.1
Axes           | 3 4 5 6 |  6.7
Dodging        | 3 4 |  4.2
Armour         | 1 2 3 |  3.8
Evocations     | 1 2 3 |  3.4
Throwing       | |  1.7

Action                   |  1- 3 |  4- 6 |  7- 9 || total
-------------------------+-------+-------+-------++-------
Melee: War axe           |    52 |   143 |   114 ||   309
Throw: Throwing net      |     1 |     1 |     1 ||     3
  Use: Potion            |     3 |     4 |     1 ||     8
       Scroll            |       |     8 |     1 ||     9
 Stab: Held in net/web   |     1 |     1 |       ||     2
       Sleeping          |       |     2 |       ||     2
  Eat: Chunk             |       |    10 |       ||    10
       Ration            |       |       |     2 ||     2
Armor: Leather armour    |     8 |       |       ||     8
       Ring mail         |     5 |    43 |    39 ||    87
Dodge: Dodged            |    41 |    96 |    68 ||   205
